 Seeded DCSS version 0.29-a0-231-g945431f (webtiles) character file.

Game seed: 1618052944259872971 (custom seed)

240 edsrzf the Skirmisher (level 6, -1/51 HPs)
             Began as a Formicid Abyssal Knight on Feb 28, 2022.
             Was a Believer of Lugonu.
             Succumbed to an orc wizard's poison
             ... on level 4 of the Dungeon.
             The game lasted 00:09:34 (3347 turns).

edsrzf the Skirmisher (Formicid Abyssal Knight)     Turns: 3347, Time: 00:09:35

Health: -1/51      AC:  3    Str: 20    XL:     6   Next: 30%
Magic:  7/7        EV: 11    Int:  9    God:    Lugonu [**....]
Gold:   137        SH:  0    Dex: 11    Spells: 5/5 levels left

rFire   . . .      SeeInvis +   e - +0 whip (venom)
rCold   . . .      Faith    .   (no shield)
rNeg    . . .      Spirit   .   b - +0 leather armour
rPois   .          Reflect  .   (helmet unavailable)
rElec   .          Harm     .   (no cloak)
rCorr   .          Rampage  .   (no gloves)
Will    .....                   (no boots)
Stlth   +.........              (no amulet)
HPRegen 0.17/turn               (no ring)
MPRegen 0.10/turn               (no ring)

@: lethally poisoned (-1 -> -15)
A: permanent stasis, dig shafts and tunnels, antennae 3, four strong arms
a: Dig, Shaft Self, Renounce Religion, Depart the Abyss, Bend Space


You were on level 4 of the Dungeon.
You worshipped Lugonu.
Lugonu was pleased with you.
You visited 1 branch of the dungeon, and saw 4 of its levels.
You visited the Abyss 1 time.

You collected 137 gold pieces.

Inventory:

Hand Weapons
 a - a +1 falchion
 e - a +0 whip of venom (weapon)
 o - a +1 dagger of venom
 r - a +2 dagger of electrocution
Missiles
 c - 10 poisoned darts
Armour
 b - a +0 leather armour (worn)
Wands
 l - a wand of digging (5)
Scrolls
 d - a scroll of teleportation {unknown}
 f - a scroll of noise {unknown}
 h - a scroll of vulnerability {unknown}
 j - 2 scrolls of holy word {unknown}
 n - a scroll of summoning {unknown}
 p - a scroll of fear {unknown}
Potions
 i - a potion of brilliance
 k - a potion of attraction
 q - a potion of mutation {!q}


   Skills:
 + Level 5.4 Fighting
 + Level 4.3 Long Blades
 - Level 2.4 Armour
 - Level 1.2 Dodging
 - Level 2.5 Invocations


You had 5 spell levels left.
You didn't know any spells.
Your spell library contained the following spells:

 Spells                   Type           Power      Damage    Failure   Level
 Summon Small Mammal      Summ           0%         N/A       43%         1
 Call Canine Familiar     Summ           0%         N/A       80%         3
 Summon Guardian Golem    Hex/Summ       0%         N/A       80%         3


Dungeon Overview and Level Annotations

Branches:
Dungeon (4/15)
 Temple: D:4-7

Altars:


Innate Abilities, Weirdness & Mutations

You cannot be hasted, slowed, berserked, paralysed or teleported.
You can dig through walls and to a lower floor.
You have a pair of large antennae on your head. (SInv)
Your four strong arms can wield two-handed weapons with a shield.


Message History

Welcome back, edsrzf the Formicid Abyssal Knight.
Game seed: 1618052944259872971 (custom seed) Lugonu says: Spread carnage and corruption!
Press ? for a list of commands and other information.
You start resting.
A kobold comes into view. It is wielding a +0 short sword.
The kobold throws a stone.
The stone barely misses you.
The kobold hits you with a +0 short sword.
You hit the kobold.
You kill the kobold!
Lugonu accepts your kill.
g - 4 scrolls labelled AJEAN ONIR RUAM (gained 1)
Things that are here:
a +0 short sword; a stone; a kobold corpse Autoexplore disabled on this floor!
Autoexplore enabled for D:4 HP restored.
An orc comes into view. It is wielding a +0 short sword.
The orc shouts!
You hear a shout! x3
As you read the scroll labelled AJEAN ONIR RUAM, it crumbles to dust.
It is a scroll of identify.
i - a potion of brilliance
As you read the scroll of identify, it crumbles to dust.
k - a potion of attraction An orc priest comes into view.
It is wielding a +0 short sword.
The orc hits you but does no damage.
As you read the scroll of identify, it crumbles to dust.
m - a potion of degeneration The orc priest mumbles some strange prayers to Beogh against you.
Beogh smites you! The orc barely misses you.
As you read the scroll of identify {@r1}, it crumbles to dust.
q - a potion of mutation The orc closely misses you.
You drop a potion of degeneration.
An orc wizard comes into view. It is wielding a +3 dagger of venom.
The orc closely misses you.
You barely miss the orc.
The orc priest looks encouraged for a moment.
The orc closely misses you.
You hit the orc but do no damage.
The orc is poisoned.
The orc closely misses you.
An orc comes into view. It is wielding a +0 trident.
You hit the orc but do no damage.
The orc looks as sick as possible!
The orc closely misses you.
The orc priest hits you with a +0 short sword.
You hit the orc priest.
The orc priest is poisoned.
The orc priest is lightly wounded.
The orc closely misses you.
You hit the orc wizard.
The orc wizard is lightly wounded.
You kill the orc!
Lugonu accepts your kill. The orc barely misses you.
You closely miss the orc wizard.
The orc wizard is lightly wounded.
The orc wizard points at you and mumbles some strange words.
You are confused.
The orc priest hits you with a +0 short sword.
The orc barely misses you.
Okay, then.
You miss the orc priest.
The orc priest is heavily wounded.
The orc wizard barely misses you.
The orc priest hits you with a +0 short sword.
The orc closely misses you.
The orc wizard hits you with a +3 dagger of venom.
You're too confused to move!
The orc priest invokes the aid of Beogh against you.
Pain shoots through your body! The orc misses you.
The orc wizard casts a spell.
The orc wizard flickers and vanishes for a moment.
You are too confused!
Unknown command.
You closely miss the orc priest.
The orc priest is heavily wounded.
The orc priest hits you with a +0 short sword.
The orc wizard closely misses you.
You closely miss the orc priest.
The orc priest is severely wounded.
The orc hits you from afar with a +0 trident.
* * * LOW HITPOINT WARNING * * *
The orc wizard casts a spell at you. The puff of flame hits you!
* * * LOW HITPOINT WARNING * * *
The orc priest closely misses you.
Okay, then.
Press: ? - help, v - describe, . - travel
Here: an orc priest, wielding a +0 short sword (severely wounded, poisoned)
The floor.
Unknown command.
You bump into the metal wall.
The orc closely misses you.
The orc wizard hits you with a +3 dagger of venom.
* * * LOW HITPOINT WARNING * * *
You are lethally poisoned!
The orc priest closely misses you.
Okay, then.
Okay, then.
You're too confused to move!
You feel less confused.
You die...

#. ..# ..##..# ##
....... .# #...... .# .
#...... .# ... #
#...... .##....
.........#######)?.....
..#..####.....@!o......
.......)......oo..##.#.
....#####.........# .
###.†.##.##
..#######.### .#
..........# .#
........### .#
....###.# ##
........#####.#


You could see an orc priest (poisoned), an orc wizard (invisible) and an orc.

Vanquished Creatures
  An ogre (D:3)
  An orc wizard (D:3)
  Terence (D:2)
  3 adders
  2 worms (D:3)
  4 dart slugs
  3 orcs
  10 ball pythons
  8 endoplasms
  8 goblins
  3 hobgoblins (D:1)
  4 jackals (D:1)
  A quokka (D:1)
  4 bats
  5 frilled lizards
  7 kobolds
  6 rats
71 creatures vanquished.

Notes
Turn   | Place    | Note
-------+----------+-------------------------------------------
     0 | Abyss:1  | edsrzf the Formicid Abyssal Knight began the quest for the
                  | Orb.
     0 | Abyss:1  | Reached XP level 1. HP: 18/18 MP: 2/2
    25 | Abyss:1  | Noticed a neqoxec
    27 | D:1      | Escaped the Abyss
   147 | D:1      | Reached skill level 1 in Dodging
   193 | D:1      | Reached XP level 2. HP: 22/24 MP: 3/3
   327 | D:1      | Reached * piety under Lugonu
   534 | D:1      | Reached XP level 3. HP: 26/29 MP: 4/4
  1409 | D:2      | Noticed Terence
  1425 | D:2      | Killed Terence
  1426 | D:2      | Reached skill level 4 in Fighting
  1426 | D:2      | Reached skill level 3 in Long Blades
  1426 | D:2      | Reached XP level 4. HP: 34/37 MP: 5/5
  1829 | D:3      | Found a faded altar of an unknown god.
  2395 | D:3      | Reached XP level 5. HP: 33/43 MP: 6/6
  2971 | D:3      | Noticed an ogre
  2978 | D:3      | Killed an ogre
  2979 | D:3      | Reached skill level 5 in Fighting
  2979 | D:3      | Reached skill level 4 in Long Blades
  2979 | D:3      | Reached XP level 6. HP: 44/51 MP: 7/7
  3146 | D:3      | Reached ** piety under Lugonu
  3152 | D:3      | Identified 2 potions of heal wounds
  3330 | D:4      | Identified 4 scrolls of identify
  3330 | D:4      | Identified a potion of brilliance
  3331 | D:4      | Identified a potion of attraction
  3332 | D:4      | Identified a potion of degeneration
  3333 | D:4      | Identified a potion of mutation
  3347 | D:4      | Succumbed to an orc wizard's poison

Illustrated notes

Levels and vault maps discovered:
D:1:      giann_horns, layout_loops_corners, hangedman_decor_riveting
D:2:      layout_rooms, grunt_ministairs_7, uniq_terence
D:3:      layout_basic, ebering_ecumenical_altar_box
D:4:      layout_rooms, palyth_stone_intersect, hangedman_decor_diamond_cutter,
          chequers_serial_rivers_micro_a, minmay_misc_feat_x

Skill      XL: |  1  2  3  4  5 |
---------------+----------------+-----
Dodging        | 1 |  1.2
Fighting       | 4 5 |  5.4
Long Blades    | 3 4 |  4.3
Armour         | |  2.4
Invocations    | |  2.5

Action                   |  1- 3 |  4- 6 || total
-------------------------+-------+-------++-------
Melee: Falchion          |    17 |       ||    17
       Whip              |    75 |   103 ||   178
       Punch             |       |     1 ||     1
Invok: Depart the Abyss  |     1 |       ||     1
  Use: Scroll            |       |     4 ||     4
       Potion            |       |     2 ||     2
Armor: Leather armour    |    23 |    16 ||    39
Dodge: Dodged            |    43 |    67 ||   110

Table legend: (Time is in decaauts)
 A = Elapsed time spent in this place.
 B = Non-inter-level travel time spent in this place.
 C = Inter-level travel time spent in this place.
 D = Time resting spent in this place.
 E = Time spent auto-exploring this place.
 F = Levels seen in this place.
 G = Mean time per level.
                   A        B        C        D        E       F      G
               +--------+--------+--------+--------+--------+-----+--------+
         Total |   3366 |   3311 |     55 |    662 |   2080 |   5 |  673.2 |
       Dungeon |   3339 |   3284 |     55 |    662 |   2080 |   4 |  834.8 |
         Abyss |     27 |     27 |      0 |      0 |      0 |   1 |   27.0 |
               +--------+--------+--------+--------+--------+-----+--------+

Top non-repeatable levels by time:
     D:3: 1421 daAuts
     D:1: 1033 daAuts
     D:2: 779 daAuts
     D:4: 105 daAuts
 Abyss:1: 27 daAuts
